 Dungeon Crawl Stone Soup version 0.30.0-20-g3615ddf2f0 (webtiles) character file.

Game seed: 7731656252172992841

11070 qw the Cleaver (level 11, -3/71 HPs)
             Began as a Gargoyle Fighter on May 29, 2023.
             Was a High Priest of Okawaru.
             Slain by a swamp worm (11 damage)
             ... on level 2 of the Lair of Beasts on May 30, 2023.
             The game lasted 00:05:31 (9121 turns).

qw the Cleaver (Gargoyle Fighter)                   Turns: 9121, Time: 00:05:32

Health: -3/71      AC: 23    Str: 24    XL:     11   Next: 72%
Magic:  16/17      EV: 12    Int:  9    God:    Okawaru [*****.]
Gold:   449        SH:  7    Dex: 15    Spells: 10/10 levels left

rFire   . . .        Y - +4 war axe
rCold   . . .        c - +0 buckler
rNeg    + . .        l - +0 chain mail
rPois   inf          s - +0 helmet
rElec   +            (no cloak)
rCorr   .            i - +0 pair of gloves
SInv    .            (no boots)
Will    +....        f - amulet of faith Stlth
                     e - ring of willpower
HPRegen 0.31/turn    h - +6 ring of dexterity
MPRegen 0.15/turn

%: faith
@: heroic
A: sickness immunity, AC +8, negative energy resistance 1, electricity
resistance, torment resistance 1, petrification resistance
a: Renounce Religion, Heroism, Finesse, Duel


You were on level 2 of the Lair of Beasts.
You worshipped Okawaru.
Okawaru was extremely pleased with you.
You visited 3 branches of the dungeon, and saw 11 of its levels.

You collected 713 gold pieces.
You spent 264 gold pieces at shops.


Innate Abilities, Weirdness & Mutations

You are immune to sickness and miasma.
Your stone body is resilient. (AC +8)
You are immune to poison.
You resist negative energy. (rN+)
You are resistant to electric shocks. (rElec)
You are resistant to unholy torment.
You are immune to petrification.


   Skills:
 - Level 9.0(14.0) Fighting
 + Level 11.6(16.6) Axes
 - Level 0.7(5.7) Throwing
 - Level 6.0(11.0) Armour
 - Level 3.0(8.0) Dodging
 - Level 5.0(10.0) Shields
 + Level 9.2 Invocations


You had 10 spell levels left.
You didn't know any spells.
Your spell library was empty.

Inventory:

Hand Weapons
 g - a +0 morningstar of protection
 t - the +4 consecrated labrys {holy, Valiant Fragile Fly SInv}
   (You acquired it on level 1 of the Lair of Beasts)

   Valiant:   It becomes more powerful as more dangerous foes come into view.
   SInv:      It lets you see invisible.
   Fly:       It grants you flight.
   Fragile:   It will be destroyed if unequipped.
 Y - a +4 war axe (weapon)
Armour
 c - a +0 buckler (worn)
 i - a +0 pair of gloves (worn)
 l - a +0 chain mail (worn)
 s - a +0 helmet (worn)
Jewellery
 e - a ring of willpower (left hand)
 f - an amulet of faith (around neck)
 h - a +6 ring of dexterity (right hand)
 n - an amulet of regeneration
 u - the ring of Equilibrium {rN+ Will+ Dex+3}
   (You found it on level 2 of the Lair of Beasts)

   [ring of willpower]

   Dex:       It affects your dexterity (+3).
   rN:        It protects you from negative energy.
   Will:      It increases your willpower.
Wands
 b - a wand of digging (10)
Scrolls
 a - 2 scrolls of identify
 o - 5 scrolls of teleportation
Potions
 d - 3 potions of might
 j - 3 potions of attraction
 k - a potion of mutation
 p - 2 potions of curing
 q - 2 potions of cancellation
 r - a potion of haste

Dungeon Overview and Level Annotations

Branches:
Dungeon (8/15)             Temple (1/1) D:5            Lair (2/5) D:8
  Swamp: Lair:2-3    Shoals: Lair:2-3     Snake: Lair:2-3    Spider: Lair:2-3

Altars:
Ashenzari
Cheibriados
Dithmenos
Elyvilon
Fedhas
Gozag
Kikubaaqudgha
Makhleb
Nemelex Xobeh
Okawaru
Qazlal
Ru
Sif Muna
Trog
Uskayaw
Wu Jian
Xom
Yredelemnul
Zin
The Shining One

Shops:
D:1 =   D:3 !

Annotations:
D:2 1 runed translucent door, Crazy Yiuf
D:4 1 runed translucent door, qw's ghost, amateur GrFi
D:5 3 runed translucent doors, qw's ghost, novice GrFi
D:6 1 runed translucent door, qw's ghost, novice GrFi


Message History

You slash the culicivora! You closely miss the swamp worm.
The culicivora completely misses you.
A culicivora comes into view.
The swamp worm bites you but does no damage.
You slice the culicivora!!
You kill the culicivora!
Okawaru accepts your kill.
You hit the swamp worm but do no damage.
You miss the culicivora. You hit the tyrant leech.
The culicivora bites you but does no damage.
A blink frog comes into view.
The swamp worm bites you.
You hit the culicivora.
The culicivora is heavily wounded.
You hit the tyrant leech. You hit the swamp worm.
You barely miss the water moccasin.
The culicivora bites you but does no damage.
The swamp worm fires a harpoon shot at you.
The harpoon shot misses you. The tyrant leech completely misses you.
The water moccasin closely misses you. You block the swamp worm's attack.
You slash the culicivora!
The culicivora is severely wounded.
You miss the tyrant leech. You hit the swamp worm.
You slash the water moccasin! The culicivora closely misses you.
The blink frog blinks!
The jumping spider completely misses something.
The jumping spider bites something.
The jumping spider leaps!
The water moccasin bites you but does no damage.
You closely miss the culicivora.
The culicivora is severely wounded.
You hit the swamp worm. You barely miss the swamp worm.
You hit the water moccasin. You slash the jumping spider!
You slash the tyrant leech!
The sentinel's mark upon you fades away.
The culicivora closely misses you.
The swamp worm bites you but does no damage.
The tyrant leech bites you! You block the jumping spider's attack.
The jumping spider bites you but does no damage.
You block the water moccasin's attack. The culicivora bites you!!
The swamp worm bites you!
You die... .#..## ..... ... ..P. ... sF.

.... sF .....
######l. #.....
......s###......
.....sw@S.......
......wws%......
#..#....%^#..... .
..#.##......#P....P
............# ...#
...........## ..##
#........).P##....#
...................
.....P......##.


You could see a tyrant leech, a komodo dragon, 3 culicivoras, 2 swamp worms, 2
blink frogs, 2 jumping spiders and a water moccasin.

Vanquished Creatures
  2 skysharks (Lair:2)
  Joseph (D:7)
  3 cane toads
  A black mamba (Lair:2)
  A kobold demonologist (D:8)
  An unseen horror (D:7)
  A komodo dragon (Lair:1)
  A hornet (D:7)
  A culicivora (Lair:2)
  Sigmund (D:4)
  14 yaks
  A steam dragon (D:8)
  A basilisk (Lair:2)
  Menkaure (D:7)
  7 water moccasins
  Duvessa (D:7)
  An ice beast (D:6)
  9 black bears
  4 sky beasts
  9 wolves (Lair:2)
  A kobold brigand (D:8)
  8 bullfrogs
  2 scorpions
  9 wights
  Dowan (D:7)
  A howler monkey (D:5)
  2 jellies
  4 orc priests
  2 hounds
  3 iguanas
  Ijyb (D:4)
  5 orc wizards
  Robin (D:3)
  2 adders
  10 gnolls
  2 white imps
  An ufetubus (D:5)
  2 worms (D:2)
  5 dart slugs
  19 orcs
  4 bats
  7 endoplasms
  A giant cockroach (D:1)
  18 goblins
  13 hobgoblins
  6 jackals
  6 quokkas
  11 ball pythons
  A frilled lizard (D:1)
  10 kobolds
  6 rats
225 creatures vanquished.

Notes
Turn   | Place    | Note
-------+----------+-------------------------------------------
     0 | D:1      | qw the Gargoyle Fighter began the quest for the Orb.
     0 | D:1      | Reached XP level 1. HP: 14/14 MP: 1/1
     0 | D:1      | 0 ||| qw: Version: 0.2-a-102-g2b76a06
     0 | D:1      | 0 ||| qw: Game counter: 461
     0 | D:1      | 0 ||| qw: Always use a shield: true
     0 | D:1      | 0 ||| qw: God list: Okawaru
     0 | D:1      | 0 ||| qw: Allow faded altars: false
     0 | D:1      | 0 ||| qw: Do Orc after D:15 true
     0 | D:1      | 0 ||| qw: Do second Lair branch before Depths: true
     0 | D:1      | 0 ||| qw: Lair rune preference: random
     0 | D:1      | 0 ||| qw: Plans: Normal, Zot:1-4, Slime:5, God:TSO, Crypt,
                  | Tomb, Pan, Hells, Abyss, Win
     0 | D:1      | 0 ||| PLANNING D:1-11
    56 | D:1      | Reached skill level 2 in Axes
    92 | D:1      | 92 ||| Stepping ~*~*~tactically~*~*~ (hiding).
   274 | D:1      | Reached XP level 2. HP: 19/19 MP: 2/2
   301 | D:1      | Found Ylanodde's Jewellery Boutique.
   321 | D:1      | 321 ||| SHOPLISTING +4 ring of slaying (858 gold, have 16).
   321 | D:1      | 321 ||| SHOPLISTING +6 ring of strength (396 gold, have
                  | 16).
   321 | D:1      | 321 ||| SHOPLISTING amulet of reflection (330 gold, have
                  | 16).
   321 | D:1      | 321 ||| SHOPLISTING ring "Ophikko" {rCorr MP+9} (358 gold,
                  | have 16).
   321 | D:1      | 321 ||| SHOPLISTING ring of fire (275 gold, have 16).
   321 | D:1      | 321 ||| SHOPLISTING ring of positive energy (220 gold, have
                  | 16).
   321 | D:1      | 321 ||| SHOPLISTING ring of protection from cold (275 gold,
                  | have 16).
   321 | D:1      | 321 ||| SHOPLISTING ring of resist corrosion (220 gold,
                  | have 16).
   492 | D:1      | 492 ||| Stepping ~*~*~tactically~*~*~ (stealth).
   543 | D:1      | Reached skill level 3 in Axes
   543 | D:1      | 543 ||| DROPPING +0 club.
   693 | D:1      | Reached XP level 3. HP: 12/23 MP: 3/3
   804 | D:1      | 804 ||| UPGRADING to +0 pair of gloves.
   809 | D:1      | 809 ||| UPGRADING to amulet of guardian spirit.
   814 | D:1      | 814 ||| UPGRADING to ring of willpower.
   815 | D:1      | 815 ||| READING 2 scrolls labelled LYPTUE LAHO.
   816 | D:1      | 816 ||| DRINKING 2 purple potions.
   973 | D:2      | Found a runed translucent door.
   974 | D:2      | Noticed Crazy Yiuf
  1117 | D:2      | 1117 ||| Stepping ~*~*~tactically~*~*~ (hiding).
  1345 | D:2      | 1345 ||| Stepping ~*~*~tactically~*~*~ (hiding).
  1789 | D:2      | 1789 ||| UPGRADING to +0 chain mail.
  1799 | D:2      | 1799 ||| DROPPING +0 scale mail.
  1800 | D:2      | 1800 ||| DROPPING amulet of magic regeneration.
  1801 | D:2      | 1801 ||| DROPPING +6 ring of intelligence.
  1802 | D:2      | 1802 ||| READING 2 scrolls labelled OBBUIZ ZEMIV.
  1803 | D:2      | 1803 ||| READING 2 scrolls labelled EMMAWAHUIV.
  1840 | D:2      | 1840 ||| DRINKING 2 blue potions.
  1841 | D:2      | 1841 ||| DROPPING scroll of fear.
  1882 | D:3      | Reached XP level 4. HP: 28/28 MP: 4/4
  1889 | D:3      | 1889 ||| Stepping ~*~*~tactically~*~*~ (stealth).
  1897 | D:3      | 1897 ||| Stepping ~*~*~tactically~*~*~ (hiding).
  1947 | D:3      | Found a faded altar of an unknown god.
  1955 | D:3      | Reached skill level 4 in Axes
  2329 | D:3      | 2329 ||| Stepping ~*~*~tactically~*~*~ (hiding).
  2330 | D:3      | 2330 ||| Stepping ~*~*~tactically~*~*~ (hiding).
  2403 | D:3      | Found Plog's Distillery.
  2411 | D:3      | 2411 ||| BUYING potion of attraction (36 gold).
  2411 | D:3      | Bought a potion of attraction for 36 gold pieces
  2411 | D:3      | 2411 ||| BUYING potion of attraction (36 gold).
  2411 | D:3      | Bought a potion of attraction for 36 gold pieces
  2411 | D:3      | 2411 ||| BUYING potion of cancellation (96 gold).
  2411 | D:3      | Bought a potion of cancellation for 96 gold pieces
  2411 | D:3      | 2411 ||| BUYING potion of cancellation (96 gold).
  2411 | D:3      | Bought a potion of cancellation for 96 gold pieces
  2411 | D:3      | 2411 ||| SHOPLISTING potion of curing (36 gold, have 2).
  2411 | D:3      | 2411 ||| SHOPLISTING potion of haste (120 gold, have 2).
  2411 | D:3      | 2411 ||| SHOPLISTING potion of might (48 gold, have 2).
  2494 | D:3      | Noticed Robin
  2495 | D:3      | 2495 ||| Stepping ~*~*~tactically~*~*~ (stealth).
  2499 | D:3      | 2499 ||| Stepping ~*~*~tactically~*~*~ (stealth).
  2501 | D:3      | 2501 ||| Stepping ~*~*~tactically~*~*~ (stealth).
  2507 | D:3      | 2507 ||| Stepping ~*~*~tactically~*~*~ (hiding).
  2514 | D:3      | Killed Robin
  2515 | D:3      | Reached XP level 5. HP: 32/32 MP: 5/5
  2717 | D:3      | 2717 ||| UPGRADING to +0 helmet.
  2722 | D:3      | 2722 ||| READING scroll labelled HOG COYKUNGUI.
  2723 | D:3      | 2723 ||| READING scroll labelled MIPNAY TOROY.
  2724 | D:3      | 2724 ||| DRINKING 2 golden potions.
  2725 | D:3      | 2725 ||| READING 4 scrolls of identify.
  2725 | D:3      | 2725 ||| IDENTIFYING metallic emerald potion
  2726 | D:3      | 2726 ||| READING 3 scrolls of identify.
  2726 | D:3      | 2726 ||| IDENTIFYING dark potion
  2727 | D:3      | 2727 ||| READING 2 scrolls of identify.
  2727 | D:3      | 2727 ||| IDENTIFYING cyan potion
  2728 | D:3      | 2728 ||| DROPPING potion of berserk rage.
  2729 | D:3      | 2729 ||| DROPPING potion of magic.
  2749 | D:4      | 2749 ||| Stepping ~*~*~tactically~*~*~ (hiding).
  2768 | D:4      | Noticed Sigmund
  2772 | D:4      | Reached skill level 5 in Axes
  2772 | D:4      | 2772 ||| Stepping ~*~*~tactically~*~*~ (hiding).
  2782 | D:4      | 2782 ||| FLEEEEING.
  2783 | D:4      | 2783 ||| FLEEEEING.
  2784 | D:4      | 2784 ||| FLEEEEING.
  2787 | D:4      | 2787 ||| STAIRDANCE
  2805 | D:3      | 2805 ||| DRINKING potion of curing.
  2805 | D:3      | 2805 ||| (to cure confusion)
  2857 | D:4      | Killed Sigmund
  2858 | D:4      | Reached XP level 6. HP: 40/40 MP: 6/6
  3112 | D:4      | Noticed Ijyb
  3113 | D:4      | 3113 ||| Stepping ~*~*~tactically~*~*~ (hiding).
  3114 | D:4      | 3114 ||| Stepping ~*~*~tactically~*~*~ (hiding).
  3136 | D:4      | Killed Ijyb
  3188 | D:4      | 3188 ||| Stepping ~*~*~tactically~*~*~ (stealth).
  3190 | D:4      | 3190 ||| Stepping ~*~*~tactically~*~*~ (stealth).
  3192 | D:4      | 3192 ||| Stepping ~*~*~tactically~*~*~ (hiding).
  3195 | D:4      | 3195 ||| Stepping ~*~*~tactically~*~*~ (hiding).
  3206 | D:4      | Reached XP level 7. HP: 20/44 MP: 2/7
  3294 | D:4      | 3294 ||| DROPPING +0 mace.
  3458 | D:4      | Found a runed translucent door.
  3507 | D:4      | Noticed qw's ghost (amateur GrFi)
  3508 | D:4      | 3508 ||| DROPPING ring of wizardry.
  3509 | D:4      | 3509 ||| READING scroll labelled FYWIS JOWUE.
  3521 | D:5      | Entered Level 5 of the Dungeon
  3581 | D:5      | Reached skill level 6 in Axes
  3671 | D:5      | Reached skill level 1 in Dodging
  3749 | D:5      | 3749 ||| Stepping ~*~*~tactically~*~*~ (stealth).
  3751 | D:5      | 3751 ||| Stepping ~*~*~tactically~*~*~ (hiding).
  3828 | D:5      | Found a staircase to the Ecumenical Temple.
  3829 | D:5      | 3829 ||| PLANNING TEMPLE
  3829 | D:5      | 3829 ||| DRINKING 2 brown potions.
  3830 | D:5      | 3830 ||| DRINKING 2 potions of curing.
  3830 | D:5      | 3830 ||| (to cure confusion)
  3831 | D:5      | 3831 ||| READING 2 scrolls of identify.
  3831 | D:5      | 3831 ||| IDENTIFYING bubbling silvery potion
  3832 | D:5      | 3832 ||| DROPPING potion of ambrosia.
  3833 | D:5      | 3833 ||| DROPPING potion of invisibility.
  3841 | Temple   | Entered the Ecumenical Temple
  3917 | Temple   | 3917 ||| PLANNING OKAWARU WORSHIP
  4043 | Temple   | Became a worshipper of Warmaster Okawaru
  4043 | Temple   | 4043 ||| PLANNING D:1-11
  4044 | Temple   | 4044 ||| REMOVING amulet of guardian spirit.
  4049 | Temple   | 4049 ||| DROPPING amulet of guardian spirit.
  4342 | D:5      | Found a runed translucent gate.
  4356 | D:5      | Found a runed translucent gate.
  4356 | D:5      | Found a runed translucent gate.
  4391 | D:5      | Reached skill level 7 in Axes
  4391 | D:5      | Reached XP level 8. HP: 48/49 MP: 8/8
  4543 | D:5      | You fall into a shaft and drop 1 floor!
  4593 | D:6      | 4593 ||| UPGRADING to amulet of faith.
  4598 | D:6      | 4598 ||| READING scroll labelled UNGO GIOGHUCSILY.
  4599 | D:6      | 4599 ||| READING scroll labelled COTOTR BIES.
  4847 | D:5      | 4847 ||| READING scroll of enchant weapon.
  4847 | D:5      | 4847 ||| ENCHANTING +1 war axe.
  4889 | D:5      | Noticed qw's ghost (novice GrFi)
  4939 | D:6      | Found a runed translucent door.
  4939 | D:6      | Noticed qw's ghost (novice GrFi)
  4959 | D:6      | HP: 7/49 [wight/+0 mace (6)]
  4960 | D:6      | 4960 ||| READING 5 scrolls of teleportation.
  4961 | D:6      | 4961 ||| DRINKING 2 potions of heal wounds.
  4964 | D:6      | 4964 ||| Stepping ~*~*~tactically~*~*~ (hiding).
  4966 | D:6      | 4966 ||| Stepping ~*~*~tactically~*~*~ (hiding).
  4967 | D:6      | 4967 ||| Stepping ~*~*~tactically~*~*~ (hiding).
  4970 | D:6      | Reached * piety under Okawaru
  4971 | D:6      | 4971 ||| INVOKING Heroism.
  5100 | D:6      | 5100 ||| Stepping ~*~*~tactically~*~*~ (stealth).
  5104 | D:6      | 5104 ||| Stepping ~*~*~tactically~*~*~ (stealth).
  5120 | D:6      | 5120 ||| DROPPING +0 flail.
  5243 | D:6      | Noticed a yak
  5244 | D:6      | Noticed a yak
  5249 | D:6      | Noticed a yak
  5262 | D:6      | Killed a yak
  5263 | D:6      | Reached skill level 8 in Axes
  5265 | D:6      | Killed a yak
  5266 | D:6      | Reached skill level 1 in Invocations
  5267 | D:6      | 5267 ||| INVOKING Heroism.
  5271 | D:6      | Killed a yak
  5408 | D:6      | Reached skill level 3 in Invocations
  5469 | D:6      | Reached XP level 9. HP: 47/55 MP: 11/11
  5686 | D:6      | 5686 ||| Stepping ~*~*~tactically~*~*~ (stealth).
  5689 | D:6      | 5689 ||| Stepping ~*~*~tactically~*~*~ (stealth).
  5692 | D:6      | 5692 ||| Stepping ~*~*~tactically~*~*~ (stealth).
  5707 | D:6      | Reached skill level 6 in Fighting
  5745 | D:6      | Reached ** piety under Okawaru
  5886 | D:6      | 5886 ||| READING 3 scrolls labelled TIAPPO WIRAICW.
  5887 | D:6      | 5887 ||| DROPPING 2 scrolls of blinking.
  5904 | D:7      | 5904 ||| Stepping ~*~*~tactically~*~*~ (stealth).
  5905 | D:7      | 5905 ||| Stepping ~*~*~tactically~*~*~ (stealth).
  5906 | D:7      | 5906 ||| Stepping ~*~*~tactically~*~*~ (stealth).
  5924 | D:7      | 5924 ||| INVOKING Heroism.
  5954 | D:7      | 5954 ||| Stepping ~*~*~tactically~*~*~ (stealth).
  5955 | D:7      | 5955 ||| Stepping ~*~*~tactically~*~*~ (stealth).
  5956 | D:7      | 5956 ||| FLEEEEING.
  5957 | D:7      | 5957 ||| FLEEEEING.
  5958 | D:7      | 5958 ||| FLEEEEING.
  5959 | D:7      | 5959 ||| FLEEEEING.
  5961 | D:7      | 5961 ||| FLEEEEING.
  5962 | D:7      | 5962 ||| FLEEEEING.
  5963 | D:7      | 5963 ||| FLEEEEING.
  5966 | D:7      | 5966 ||| FLEEEEING.
  5967 | D:7      | 5967 ||| FLEEEEING.
  5969 | D:7      | 5969 ||| STAIRDANCE
  6040 | D:7      | Reached skill level 9 in Axes
  6042 | D:7      | 6042 ||| STAIRDANCE
  6095 | D:7      | 6095 ||| Stepping ~*~*~tactically~*~*~ (stealth).
  6099 | D:7      | 6099 ||| INVOKING Heroism.
  6228 | D:7      | 6228 ||| Stepping ~*~*~tactically~*~*~ (stealth).
  6272 | D:7      | 6272 ||| Stepping ~*~*~tactically~*~*~ (stealth).
  6446 | D:7      | 6446 ||| Stepping ~*~*~tactically~*~*~ (stealth).
  6511 | D:7      | Noticed a hornet
  6521 | D:7      | Killed a hornet
  6606 | D:7      | Noticed Dowan
  6606 | D:7      | Noticed Duvessa
  6606 | D:7      | Noticed Joseph
  6607 | D:7      | 6607 ||| INVOKING Heroism.
  6613 | D:7      | Killed Duvessa
  6623 | D:7      | Killed Dowan
  6626 | D:7      | Killed Joseph
  6626 | D:7      | Reached *** piety under Okawaru
  6627 | D:7      | Reached skill level 10 in Axes
  6627 | D:7      | Reached XP level 10. HP: 23/63 MP: 13/13
  6839 | D:7      | Noticed Menkaure
  6840 | D:7      | 6840 ||| Stepping ~*~*~tactically~*~*~ (hiding).
  6841 | D:7      | 6841 ||| Stepping ~*~*~tactically~*~*~ (hiding).
  6842 | D:7      | 6842 ||| INVOKING Heroism.
  6848 | D:7      | Killed Menkaure
  6912 | D:7      | 6912 ||| UPGRADING to +6 ring of dexterity.
  6913 | D:7      | 6913 ||| READING 2 scrolls of identify.
  6913 | D:7      | 6913 ||| IDENTIFYING ruby potion
  6942 | D:8      | 6942 ||| STAIRDANCE
  6946 | D:7      | 6946 ||| INVOKING Heroism.
  7025 | D:8      | 7025 ||| STAIRDANCE
  7073 | D:8      | 7073 ||| STAIRDANCE
  7082 | D:7      | 7082 ||| Stepping randomly (disturbance).
  7128 | D:7      | Killed an unseen horror
  7362 | D:8      | Noticed a kobold demonologist
  7380 | D:8      | Killed a kobold demonologist
  7380 | D:8      | Reached **** piety under Okawaru
  7396 | D:8      | Received a gift from Okawaru
  7415 | D:8      | Found a staircase to the Lair.
  7607 | D:8      | 7607 ||| INVOKING Heroism.
  7613 | D:8      | 7613 ||| Stepping ~*~*~tactically~*~*~ (cloud).
  7757 | D:8      | 7757 ||| Stepping ~*~*~tactically~*~*~ (stealth).
  7842 | D:8      | 7842 ||| READING scroll of enchant weapon.
  7842 | D:8      | 7842 ||| ENCHANTING +2 war axe.
  8251 | D:8      | 8251 ||| PLANNING LAIR
  8304 | Lair:1   | Entered Level 1 of the Lair of Beasts
  8312 | Lair:1   | Noticed a cane toad
  8313 | Lair:1   | 8313 ||| INVOKING Heroism.
  8323 | Lair:1   | Killed a cane toad
  8350 | Lair:1   | 8350 ||| Stepping ~*~*~tactically~*~*~ (stealth).
  8353 | Lair:1   | 8353 ||| Stepping ~*~*~tactically~*~*~ (stealth).
  8358 | Lair:1   | 8358 ||| Stepping ~*~*~tactically~*~*~ (stealth).
  8375 | Lair:1   | Reached skill level 6 in Invocations
  8379 | Lair:1   | 8379 ||| INVOKING Heroism.
  8538 | Lair:1   | 8538 ||| Stepping ~*~*~tactically~*~*~ (stealth).
  8540 | Lair:1   | 8540 ||| Stepping ~*~*~tactically~*~*~ (stealth).
  8542 | Lair:1   | 8542 ||| Stepping ~*~*~tactically~*~*~ (stealth).
  8547 | Lair:1   | Reached skill level 11 in Axes
  8549 | Lair:1   | 8549 ||| Stepping ~*~*~tactically~*~*~ (stealth).
  8563 | Lair:1   | Reached skill level 6 in Armour
  8563 | Lair:1   | Reached XP level 11. HP: 68/68 MP: 15/15
  8577 | Lair:1   | 8577 ||| INVOKING Heroism.
  8682 | Lair:1   | 8682 ||| Stepping ~*~*~tactically~*~*~ (stealth).
  8683 | Lair:1   | 8683 ||| INVOKING Heroism.
  8700 | Lair:1   | Reached skill level 3 in Dodging
  8732 | Lair:1   | 8732 ||| INVOKING Heroism.
  8888 | Lair:1   | 8888 ||| READING scroll of enchant weapon.
  8888 | Lair:1   | 8888 ||| ENCHANTING +3 war axe.
  9010 | Lair:1   | 9010 ||| DROPPING orb of guile.
  9011 | Lair:1   | 9011 ||| READING scroll labelled FISAINN SAOGH.
  9011 | Lair:1   | Identified a scroll of acquirement
  9011 | Lair:1   | 9011 ||| ACQUIRING +4 consecrated labrys {holy, Valiant
                  | Fragile Fly SInv}
  9011 | Lair:1   | Acquired the +4 consecrated labrys {holy, Valiant Fragile
                  | Fly SInv}
  9011 | Lair:1   | Found the +4 consecrated labrys {holy, Valiant Fragile Fly
                  | SInv}
  9013 | Lair:1   | 9013 ||| READING scroll labelled HOEF WOMOTOS.
  9028 | Lair:2   | Identified the ring of Equilibrium {rN+ Will+ Dex+3}
  9036 | Lair:2   | 9036 ||| Stepping ~*~*~tactically~*~*~ (stealth).
  9044 | Lair:2   | Noticed a skyshark
  9044 | Lair:2   | Noticed a skyshark
  9046 | Lair:2   | 9046 ||| INVOKING Heroism.
  9056 | Lair:2   | Killed a skyshark
  9067 | Lair:2   | Reached skill level 9 in Fighting
  9078 | Lair:2   | HP: 14/71 [skyshark (6)]
  9079 | Lair:2   | 9079 ||| READING 6 scrolls of teleportation.
  9080 | Lair:2   | 9080 ||| DRINKING potion of heal wounds.
  9081 | Lair:2   | Killed a skyshark
  9081 | Lair:2   | Reached ***** piety under Okawaru
  9085 | Lair:2   | 9085 ||| INVOKING Heroism.
  9107 | Lair:2   | Reached skill level 9 in Invocations
  9109 | Lair:2   | 9109 ||| INVOKING Heroism.
  9121 | Lair:2   | HP: 8/71 [culicivora (18)]
  9121 | Lair:2   | Slain by a swamp worm

Levels and vault maps discovered:
D:1:      ncdulo_lavacross, layout_basic, serial_shops, shop,
          minmay_misc_feat_five
D:2:      layout_loops_ring, uniq_crazy_yiuf_cottage
D:3:      layout_loops_ring, shapermc_ecumenical_altar_venn, serial_shops, shop,
          uniq_robin
D:4:      layout_cave_pools, ebering_ghost_reflecting_pool, uniq_sigmund,
          uniq_ijyb
D:5:      layout_basic, minmay_temple_entry_glassed_door,
          ebering_ghost_rock_garden
D:6:      layout_loops_cross, gammafunk_ghost_grave
D:7:      layout_rooms, minmay_misc_feat_columns, uniq_duvessa, uniq_menkaure,
          uniq_joseph
D:8:      layout_gridville, due_lair_maze_entry_diamond, kennysheep_diamond
Temple:   nicolae_temple_slightly_damp_pantheon
Lair:1:   layout_concentric_octagons, beast_lair_carwin_3, grunt_megastairs_2,
          serial_bayou_shore_a, lemuel_fruit_tree
Lair:2:   layout_gridlike, minmay_swamp_entry_worms,
          nicolae_spider_entry_tight_spaces, grunt_forest_stairs_basic,
          grunt_megastairs_4

Skill      XL: |  1  2  3  4  5  6  7  8  9 10 11 |
---------------+----------------------------------+-----
Axes           | 2 3 4 5 7 8 10 11 | 11.6
Fighting       | 5 7 8 9 |  9.0
Dodging        | 1 2 3 |  3.0
Invocations    | 3 4 6 9 |  9.2
Armour         | 4 5 6 |  6.0
Shields        | 4 5 |  5.0
Throwing       | |  0.7

Action                     |  1- 3 |  4- 6 |  7- 9 | 10-12 || total
---------------------------+-------+-------+-------+-------++-------
  Melee: War axe           |   178 |   183 |   333 |   263 ||   957
  Throw: Javelin           |       |       |       |     4 ||     4
 Invoke: Heroism           |       |       |     5 |    11 ||    16
    Use: Scroll            |     3 |     5 |     7 |     6 ||    21
         Potion            |     2 |     2 |     3 |     1 ||     8
 Armour: Scale mail        |    87 |       |       |       ||    87
         Chain mail        |     1 |   125 |   201 |   232 ||   559
  Dodge: Dodged            |   102 |    57 |   112 |   135 ||   406
  Block: Buckler           |    44 |    20 |    54 |    99 ||   217

Table legend:
 A = Non-vault XP
 B = Vault XP
 C = Vault XP percentage of total XP
 D = Non-vault monster count
 E = Vault monster count
 F = Vault count percentage of total count
                 A         B        C        D         E       F
            +---------+---------+-------+---------+---------+-------
      Total |    9986 |    5829 |  36.9 |     185 |      40 |  17.8
            +---------+---------+-------+---------+---------+-------
        D:1 |      34 |       0 |   0.0 |      19 |       0 |   0.0
        D:2 |      45 |       0 |   0.0 |      21 |       0 |   0.0
        D:3 |      91 |      39 |  30.0 |      23 |      13 |  36.1
        D:4 |     237 |     250 |  51.3 |      23 |       2 |   8.0
        D:5 |     697 |       0 |   0.0 |      16 |       0 |   0.0
        D:6 |    1402 |       0 |   0.0 |      24 |       0 |   0.0
        D:7 |    1748 |    1064 |  37.8 |      20 |       6 |  23.1
        D:8 |     251 |    1427 |  85.0 |      10 |       8 |  44.4
     Lair:1 |    2643 |     741 |  21.9 |      11 |       6 |  35.3
     Lair:2 |    2838 |    2308 |  44.9 |      18 |       5 |  21.7
            +---------+---------+-------+---------+---------+-------
